 Dungeon Crawl Stone Soup version 0.22-a0-422-g9628fc8 (webtiles) character file.

30 Borgoz the Skirmisher (level 3, 0/23 HPs)
             Began as a Gargoyle Abyssal Knight on May 18, 2018.
             Was a Follower of Lugonu.
             Slain by an adder (3 damage)
             ... on level 2 of the Dungeon.
             The game lasted 00:01:26 (987 turns).

Borgoz the Skirmisher (Gargoyle Abyssal Knight)      Turns: 987, Time: 00:01:27

Health: 0/23       AC:  6    Str: 14 (15) XL:     3   Next: 20%
Magic:  4/4        EV: 11    Int: 10 (12) God:    Lugonu [*.....]
Gold:   75         SH:  0    Dex:  9 (10) Spells: 2/2 levels left

rFire    . . .     SeeInvis .   a - +1 hand axe
rCold    . . .     Gourm    .   (no shield)
rNeg     + . .     Faith    .   b - +0 leather armour
rPois    ∞         Spirit   .   (no helmet)
rElec    +         Reflect  .   (no cloak)
rCorr    .         Harm     .   (no gloves)
MR       .....                  (no boots)
Stlth    +.........             (no amulet)
HPRegen  0.07/turn              (no ring)
MPRegen  0.09/turn              (no ring)

@: no status effects
A: negative energy resistance 1, electricity resistance, unbreathing,
petrification resistance, rot immunity, AC +3
a: Depart the Abyss, Renounce Religion


You were on level 2 of the Dungeon.
You worshipped Lugonu.
Lugonu was aware of your devotion.
You were not hungry.

You visited 1 branch of the dungeon, and saw 2 of its levels.
You visited the Abyss 1 time.

You collected 75 gold pieces.

Inventory:

Hand Weapons
 a - a +1 hand axe (weapon)
Armour
 b - a +0 leather armour (worn)
Jewellery
 e - an uncursed ring of magical power {unknown}
 g - an uncursed ring of wizardry {unknown}
Scrolls
 d - a scroll of identify {unknown}
 f - a scroll of fear {unknown}
 j - 2 scrolls of random uselessness {unknown}
Potions
 h - a potion of might {unknown}
 i - a potion of degeneration
 k - a potion of curing
 m - a potion of agility {unknown}
Comestibles
 c - 4 rations
 l - a chunk of flesh


   Skills:
 + Level 3.4 Fighting
 * Level 2.3 Axes
 + Level 2.4 Armour
 * Level 1.4 Dodging
 + Level 2.3 Invocations


You had 2 spell levels left.
You didn't know any spells.
Your spell library was empty.

Dungeon Overview and Level Annotations

Branches:
Dungeon (2/15)

Altars:
Ashenzari

Annotations:
D:2 Terence


Innate Abilities, Weirdness & Mutations

You are resistant to torment.
Your stone body is resilient. (AC +3)
You are immune to poison.
You resist negative energy. (rN+)
You are resistant to electric shocks. (rElec)
You can survive without breathing.
You are immune to petrification.
You are immune to rotting.


Message History

You closely miss the adder.
The adder is almost dead.
The adder bites you.
* * * LOW HITPOINT WARNING * * *
The adder bites you but does no damage.
You barely miss the adder.
The adder is almost dead.
The adder bites you.
* * * LOW HITPOINT WARNING * * *
The adder barely misses you.
You miss the adder.
The adder is almost dead.
The adder barely misses you.
You closely miss the adder.
The adder is almost dead.
The adder barely misses you. The adder bites you but does no damage.
You miss the adder.
The adder is almost dead.
The adder bites you.
You die...

.(# #####.#
.....##########
..#..#.........
#.#..#.########
#.#..#.#...@.# .#
#.#..#.#.###S####..##
#<.....#.# #K@..[....
##...)..#.#
#g.....###
+..........# ##''####
######.#.### .....
#.#...# .?.....#
#.#####..♣##♣..# #..
+.. ..+


You could see Terence, an adder, a hobgoblin and a kobold.

Vanquished Creatures
  2 dart slugs
  2 leopard geckos (D:1)
  A ball python (D:1)
  6 goblins
  4 hobgoblins (D:1)
  4 bats
  A frilled lizard (D:1)
  3 kobolds (D:1)
  3 rats (D:1)
26 creatures vanquished.

Notes
Turn   | Place    | Note
-------+----------+-------------------------------------------
     0 | Abyss:1  | Borgoz the Gargoyle Abyssal Knight began the quest for the Orb.
     0 | Abyss:1  | Reached XP level 1. HP: 14/14 MP: 2/2
   102 | Abyss:1  | Noticed a flying skull
   104 | D:1      | Escaped the Abyss
   190 | D:1      | Reached skill level 1 in Dodging
   365 | D:1      | Reached XP level 2. HP: 18/19 MP: 3/3
   510 | D:1      | Found a shattered altar of Ashenzari.
   614 | D:1      | Reached * piety under Lugonu
   694 | D:1      | Reached XP level 3. HP: 21/23 MP: 4/4
   965 | D:2      | Noticed Terence
   987 | D:2      | Slain by an adder

Vault maps used:
D:1:      shiori_arrival_maze, ashenzari_altar_1
D:2:      kennysheep_generic_room_6, uniq_crazy_yiuf_cottage, uniq_natasha,
          uniq_terence
Abyss:1:  hangedman_steaming_rock

Skill      XL: |  1 |
---------------+----+-----
Dodging        | 1 |  1.4
Axes           | 2 |  2.3
Fighting       | |  3.4
Armour         | |  2.4
Invocations    | |  2.3

Action                   || total
-------------------------++-------
Melee: Hand axe          ||    91
Invok: Depart the Abyss  ||     1
  Use: Potion            ||     2
Armor: Leather armour    ||    50
Dodge: Dodged            ||    58

Table legend:
 A = Spawn XP
 B = Non-spawn XP
 C = Spawn XP percentage of total XP
 D = Spawn monster count
 E = Non-spawn monster count
 F = Spawn count percentage of total count
 G = Total turns spent on level
                    A         B        C        D         E        F      G
               +---------+---------+-------+---------+---------+-------+---------
         Total |       0 |      44 |   0.0 |       0 |      26 |   0.0 |   987
               +---------+---------+-------+---------+---------+-------+---------
           D:1 |       0 |      37 |   0.0 |       0 |      22 |   0.0 |   751
           D:2 |       0 |       7 |   0.0 |       0 |       4 |   0.0 |   132
               +---------+---------+-------+---------+---------+-------+---------
